Map: Frost LE

Players

ShoWTimE - Winner!

  • Race: Protoss Protoss

Cyan

  • Race: Protoss Protoss

Event: WCS Copa Intercontinental

VOD

Have the link to the VOD?

Description

Time

  • Played on: Sept. 10, 2016, 6:52 p.m.
  • Length: 11:23

All games in this series

Show
View Real Time Build Order
Export as new Build Order

ShoWTimE Protoss - Winner!

Build Orders: Phoenix Opening 

Get SALT Encoding   

  12  0:00  Probe (Chrono Boost)  
  13  0:11  Probe (Chrono Boost)  
  14  0:17  Pylon  
  14  0:22  Probe (Chrono Boost)  
  16  0:35  Probe (Chrono Boost)  
  16  0:36  Gateway  
  16  0:43  Assimilator  
  16  0:46  Probe (Chrono Boost)  
  17  0:52  Assimilator  
  17  0:56  Probe (Chrono Boost)  
  18  1:07  Probe (Chrono Boost)  
  18  1:08  Gateway  
  19  1:18  Probe (Chrono Boost)  
  20  1:23  Cybernetics Core  
  20  1:28  Probe (Chrono Boost)  
  21  1:34  Pylon  
  21  1:39  Probe (Chrono Boost)  
  22  1:49  Probe (Chrono Boost)  
  22  1:51  Warp Gate  
  23  1:59  Adept  
  23  2:00  Adept  
  23  2:01  Mothership Core (Chrono Boost)  
  29  2:11  Pylon  
  29  2:26  Adept  
  29  2:29  Adept  
  33  2:50  Nexus  
  31  3:09  Stargate  
  31  3:10  Probe (Chrono Boost)  
  32  3:26  Probe (Chrono Boost)  
  33  3:27  Pylon  
  33  3:31  Robotics Facility  
  33  3:38  Probe (Chrono Boost)  
  35  3:49  Phoenix, Probe (Chrono Boost)  
  37  4:01  Probe (Chrono Boost)  
  38  4:03  Probe (Chrono Boost)  
  39  4:10  Stalker x2  
  39  4:13  Phoenix, Probe (Chrono Boost)  
  46  4:20  Probe (Chrono Boost)  
  47  4:25  Pylon  
  47  4:29  Probe (Chrono Boost)  
  47  4:30  Observer, Probe (Chrono Boost)  
  50  4:37  Adept  
  52  4:41  Probe (Chrono Boost)  
  52  4:42  Adept  
  52  4:43  Probe (Chrono Boost)  
  56  4:48  Phoenix  
  59  4:53  Probe (Chrono Boost)  
  59  4:54  Probe (Chrono Boost)  
  58  5:04  Probe (Chrono Boost)  
  58  5:05  Probe (Chrono Boost)  
  60  5:09  Phoenix  
  60  5:13  Assimilator  
  60  5:15  Assimilator, Probe (Chrono Boost)  
  60  5:17  Probe (Chrono Boost)  
  60  5:24  Sentry  
  60  5:25  Probe (Chrono Boost)  
  65  5:29  Probe (Chrono Boost), Forge  
  65  5:36  Probe (Chrono Boost)  
  65  5:38  Immortal  
  65  5:41  Probe (Chrono Boost)  
  70  5:48  Protoss Ground Weapons Level 1  
  70  5:49  Pylon  
  70  5:57  Pylon  
  70  6:09  Probe x2 (Chrono Boost)  
  72  6:12  Immortal  
  76  6:21  Twilight Council, Probe x2 (Chrono Boost)  
  78  6:28  Pylon  
  78  6:29  Photon Cannon  
  79  6:33  Probe (Chrono Boost)  
  80  6:41  Probe (Chrono Boost)  
  80  6:44  Resonating Glaives  
  80  6:48  Gateway x2  
  80  6:52  Immortal  
  84  7:01  Gateway  
  84  7:07  Gateway  
  82  7:14  Gateway  
  82  7:20  Pylon  
  82  7:26  Templar Archives, Adept x2  
  86  7:35  Immortal  
  86  7:47  Adept x2  
  90  7:59  Protoss Ground Weapons Level 2  
  88  8:05  Nexus  
  88  8:07  Pylon, Photon Cannon  
  88  8:09  High Templar x3  
  94  8:12  High Templar  
  94  8:17  Archon  
  94  8:18  Archon  
  96  8:31  Adept x2  
  96  8:32  Warp Prism  
  100  8:41  Pylon  
  100  8:51  Pylon  
  100  8:52  Adept  
  100  8:53  Adept x2  
  104  9:05  Adept x3  
  105  9:17  Adept x3  
  111  9:31  High Templar x4  
  111  9:36  Archon x2  
  111  9:38  Adept x3  
  115  10:00  Adept x3  
  115  10:04  Sentry x2, Adept  
  109  10:14  Warp Prism  
  109  10:16  Adept  
  87  10:23  Adept x2  
  75  10:32  Adept  
  75  10:33  Adept  
  73  10:42  Adept x3  
  79  10:49  Probe x2 (Chrono Boost)  
  82  10:50  Probe (Chrono Boost)  
  82  10:54  High Templar x2  
  86  10:58  Archon  
  86  11:00  Adept  
  86  11:02  Probe (Chrono Boost)  
  89  11:10  Adept x2  
Show
View Real Time Build Order
Export as new Build Order

Cyan Protoss 

Build Orders: Oracle Opening 

Get SALT Encoding   

  12  0:01  Probe (Chrono Boost)  
  13  0:12  Probe (Chrono Boost)  
  14  0:18  Pylon  
  14  0:22  Probe (Chrono Boost)  
  15  0:37  Gateway, Probe (Chrono Boost)  
  15  0:42  Assimilator  
  16  0:47  Probe (Chrono Boost)  
  17  0:53  Assimilator  
  17  0:58  Probe (Chrono Boost)  
  18  1:08  Probe (Chrono Boost)  
  18  1:09  Gateway  
  19  1:19  Probe (Chrono Boost)  
  19  1:24  Cybernetics Core  
  20  1:29  Probe (Chrono Boost)  
  21  1:34  Pylon  
  22  1:40  Probe (Chrono Boost)  
  22  1:50  Probe (Chrono Boost)  
  23  1:55  Warp Gate  
  23  2:01  Adept x2  
  23  2:06  Mothership Core (Chrono Boost)  
  29  2:11  Pylon  
  29  2:25  Probe (Chrono Boost)  
  30  2:30  Stargate  
  30  2:32  Adept  
  32  2:38  Adept  
  35  2:45  Probe (Chrono Boost)  
  35  2:59  Pylon  
  34  3:14  Probe (Chrono Boost)  
  34  3:15  Oracle  
  37  3:26  Nexus  
  35  3:31  Probe (Chrono Boost)  
  36  3:46  Oracle  
  36  3:47  Pylon  
  39  3:57  Adept  
  39  3:58  Adept  
  39  4:01  Probe (Chrono Boost)  
  44  4:13  Probe (Chrono Boost)  
  42  4:19  Adept x2  
  47  4:25  Probe (Chrono Boost)  
  47  4:35  Twilight Council, Probe (Chrono Boost)  
  48  4:40  Probe (Chrono Boost)  
  49  4:46  Probe (Chrono Boost)  
  49  4:50  Probe (Chrono Boost)  
  51  4:54  Robotics Facility  
  51  4:56  Probe (Chrono Boost)  
  51  4:59  Blink  
  52  5:01  Probe (Chrono Boost)  
  54  5:07  Probe (Chrono Boost)  
  54  5:12  Probe (Chrono Boost)  
  53  5:17  Stalker  
  53  5:18  Stalker  
  53  5:19  Probe (Chrono Boost)  
  53  5:20  Pylon  
  55  5:23  Probe (Chrono Boost)  
  55  5:25  Assimilator  
  56  5:29  Assimilator  
  56  5:33  Pylon, Probe (Chrono Boost)  
  56  5:35  Probe (Chrono Boost)  
  58  5:41  Stalker  
  60  5:43  Stalker  
  60  5:47  Probe (Chrono Boost)  
  60  5:48  Probe (Chrono Boost)  
  60  5:49  Observer  
  65  5:55  Forge  
  65  5:59  Probe (Chrono Boost)  
  65  6:00  Probe (Chrono Boost)  
  65  6:01  Pylon  
  67  6:08  Observer  
  69  6:11  Probe (Chrono Boost)  
  69  6:13  Protoss Ground Weapons Level 1  
  69  6:16  Probe (Chrono Boost)  
  69  6:19  Stalker  
  69  6:20  Stalker  
  69  6:22  Gateway  
  73  6:28  Gateway  
  73  6:33  Gateway  
  73  6:39  Warp Prism  
  73  6:45  Probe x2 (Chrono Boost)  
  73  6:47  Resonating Glaives  
  75  6:51  Stalker  
  75  6:52  Stalker  
  79  6:58  Probe (Chrono Boost)  
  81  7:03  Probe (Chrono Boost)  
  81  7:14  Probe (Chrono Boost)  
  81  7:15  Nexus  
  82  7:19  Pylon  
  82  7:21  Sentry x2  
  86  7:29  Pylon  
  86  7:30  Stalker  
  88  7:47  Probe (Chrono Boost)  
  88  7:49  Immortal  
  93  7:51  Protoss Ground Weapons Level 2  
  93  7:52  Stalker x3  
  100  8:03  Adept x2  
  101  8:08  Gateway  
  101  8:16  Gateway  
  101  8:23  Templar Archives  
  101  8:28  Warp Prism  
  101  8:36  Adept  
  101  8:41  Adept  
  103  8:49  Adept x3  
  103  8:52  Pylon  
  103  8:54  Probe x2 (Chrono Boost)  
  111  8:56  Pylon  
  111  9:00  Probe (Chrono Boost)  
  112  9:06  Adept x2  
  116  9:14  Adept x2  
  116  9:16  Adept  
  116  9:17  Adept  
  112  9:27  High Templar  
  112  9:28  High Templar x2  
  118  9:32  Archon  
  118  9:37  High Templar  
  118  9:38  Adept x3  
  126  9:41  Pylon  
  126  9:43  Pylon, Archon  
  126  9:51  Pylon, Gateway  
  126  9:59  Adept x5  
  115  10:16  Adept  
  88  10:22  Adept x5  
  62  10:36  Adept  
  62  10:40  Adept x2  
  62  10:43  Adept x3  
  62  10:44  Adept  
  66  10:50  Adept  
  66  10:56  Adept  
  72  11:02  Pylon  
  72  11:03  Pylon  
  74  11:05  Adept x3  
Tags
 
Add a new tag
Caveats
  • Supply blocks, unpowered buildings, or Contaminate may cause inaccurate times.
  • Supply counts are checked every 10 seconds.